 Dungeon Crawl Stone Soup version 0.18-a0-1273-g8ec5f8e (webtiles) character file.

8116 st0uf the Thaumaturge (level 11, 0/56 HPs)
             Began as a Deep Elf Summoner on Feb 7, 2016.
             Was an Elder of Vehumet.
             Slain by a komodo dragon (27 damage)
             ... on level 2 of the Lair of Beasts.
             The game lasted 02:29:28 (10820 turns).

st0uf the Thaumaturge (Deep Elf Summoner)          Turns: 10820, Time: 02:29:28

Health: 0/56       AC:  7    Str:  5    XL:     11   Next: 5%
Magic:  14/30      EV: 14    Int: 24    God:    Vehumet [****..]
Gold:   487        SH:  0    Dex: 15    Spells: 11 memorised, 1 level left

rFire  + . .     SeeInvis +     Y - staff of air
rCold  . . .     Gourm    .     B - +1 robe {rF+}
rNeg   . . .     Faith    .     (no shield)
rPois  .         Spirit   .     (no helmet)
rElec  +         Dismiss  .     q - +2 cloak
rCorr  .         Reflect  .     (no gloves)
SustAt .         Harm     .     y - +0 pair of boots
MR     +....                    (no amulet)
Stlth  +++.......               r - ring of wizardry
                                D - ring of see invisible

@: about to teleport, somewhat resistant to hostile enchantments, fairly
stealthy
A: no striking features
a: Renounce Religion


You were on level 2 of the Lair of Beasts.
You worshipped Vehumet.
Vehumet was greatly pleased with you.
You were very hungry.

You visited 3 branches of the dungeon, and saw 14 of its levels.

You collected 667 gold pieces.
You spent 180 gold pieces at shops.

Inventory:

Hand Weapons
 t - a +0 blowgun
Missiles
 s - 59 poisoned needles
 J - a throwing net (quivered)
Armour
 q - a +2 cloak (worn)
 y - a +0 pair of boots (worn)
 B - a +1 robe of fire resistance (worn)
Magical Staves
 a - an uncursed staff of wizardry
 Y - an uncursed staff of air (weapon)
Jewellery
 m - an uncursed ring of flight
 r - a ring of wizardry (right hand)
 D - a ring of see invisible (left hand)
 L - an uncursed ring of sustain attributes
 O - an uncursed ring of ice
Wands
 b - a wand of paralysis (6/24)
 M - a wand of digging (3/24)
 N - a wand of acid (13/15)
Scrolls
 f - 9 scrolls of remove curse
 g - a scroll of noise {unknown}
 i - 3 scrolls of immolation {unknown}
 k - a scroll of blinking {unknown}
 u - 4 scrolls of enchant weapon {unknown}
 v - 6 scrolls of teleportation
 w - 2 scrolls of amnesia {unknown}
 x - 6 scrolls of magic mapping
 C - 3 scrolls of random uselessness {unknown}
 P - a scroll of fog
Potions
 d - 2 potions of flight
 e - 4 potions of curing
 j - a potion of beneficial mutation {unknown}
 n - a potion of invisibility {unknown}
 o - 2 potions of berserk rage
 z - a potion of resistance {unknown}
 G - 2 potions of brilliance
 K - a potion of magic {unknown}
 R - 2 potions of heal wounds
 S - a potion of ambrosia
 U - a potion of agility
Books
 p - a book of the Tempests

   Spells                             Type                      Level
   a - Static Discharge               Conjuration/Air              3
   b - Lightning Bolt                 Conjuration/Air              5
   c - Fireball                       Conjuration/Fire             5
   d - Tornado                        Air                          9
   e - Shatter                        Earth                        9
Comestibles
 c - 9 bread rations
 h - 2 meat rations
 l - a beef jerky


   Skills:
 - Level 1.3 Fighting
   Level 0.6 Short Blades
 * Level 3.9 Dodging
 + Level 4.1 Stealth
 + Level 13.4 Spellcasting
 + Level 1.2 Conjurations
 + Level 2.6 Hexes
 + Level 1.3 Charms
 + Level 11.1 Summonings
 - Level 3.4 Ice Magic
 * Level 7.1 Air Magic
 - Level 1.6 Poison Magic
 + Level 0.7 Evocations


You had one spell level left.
You knew the following spells:

 Your Spells              Type           Power        Failure   Level  Hunger
a - Summon Small Mammal   Summ           ####         1%          1    None
b - Call Imp              Summ           ######..     1%          2    None
c - Summon Lightning Spi  Summ/Air       ######..     1%          4    None
d - Summon Ice Beast      Ice/Summ       ######..     1%          4    None
e - Spectral Weapon       Hex/Chrm       ####....     2%          3    None
f - Shroud of Golubria    Chrm/Tloc      ###.......   1%          2    None
g - Regeneration          Chrm/Necr      ###.......   4%          3    None
h - Summon Guardian Gole  Hex/Summ       #####...     1%          3    None
i - Mephitic Cloud        Conj/Pois/Air  #####...     1%          3    None
j - Summon Mana Viper     Hex/Summ       #####...     3%          5    ###....
k - Iskenderun's Battles  Conj/Chrm      ###.....     11%         5    ###....


Dungeon Overview and Level Annotations

Branches:
Dungeon (10/15)            Temple (1/1) D:4            Lair (3/8) D:10
  Swamp: Lair:3-6    Shoals: Lair:3-6     Snake: Lair:3-6    Spider: Lair:3-6
    Orc: D:9-12

Altars:
Ashenzari
Cheibriados
Dithmenos
Elyvilon
Fedhas
Gozag
Kikubaaqudgha
Makhleb
Nemelex Xobeh
Okawaru
Pakellas
Qazlal
Ru
Sif Muna
Trog
Vehumet
Xom
Yredelemnul
Zin
The Shining One
Jiyva

Shops:
D:5 (   D:8 *?!!


Message History

Your ice beast misses the water moccasin.
The iguana barely misses the water moccasin.
The komodo dragon hisses menacingly.
Your ice beast hits the iguana but does no damage.
There is an escape hatch in the ceiling here.
The komodo dragon barely misses you. The water moccasin closely misses you.
A mysterious force pulls you upwards. The hatch slams shut behind you.
Casting: Mephitic Cloud
Confirm with . or Enter, or press ? or * to list all spells.
Okay, then.
Read which item? (? for menu, Esc to quit)
You can't read that!
Read which item? (? for menu, Esc to quit)
As you read the scroll of teleportation, it crumbles to dust.
You feel strangely unstable. The komodo dragon bites you!
Casting: Mephitic Cloud
Confirm with . or Enter, or press ? or * to list all spells.
Space distorts slightly along a thin shroud covering your body.
The komodo dragon bites you!!
You die...

##.......## ##..
#........P###...
#........##.....
###.......#......
#......###...#...
#......#....#....
#.P....#..###P...
###.........###...
#@P........## ##..
##l.......## ###
P..........#######
..........#...##P#
..........#..#....
..#........รท......
# #P#.............
###.............
##..............


You could see a komodo dragon.

Vanquished Creatures
  An elephant (Lair:1)
  A spiny frog (Lair:1)
  An iguana (Lair:2)
  A hound zombie (D:7)
  3 river rats
  An orc (D:7)
  A kobold (D:10)
9 creatures vanquished.

Vanquished Creatures (collateral kills)
  4 oklob plants (Lair:1)
  3 elephants (Lair:1)
  A black mamba (Lair:2)
  4 spiny frogs (Lair:1)
  Maurice (D:8)
  A komodo dragon (Lair:2)
  A polar bear (Lair:2)
  2 two-headed ogres (D:9)
  5 blink frogs
  A wyvern (D:8)
  5 hippogriffs
  Grum (D:8)
  A basilisk (Lair:1)
  A hungry ghost (D:8)
  10 yaks
  2 humans (D:8)
  3 wargs (D:10)
  2 wolves (D:8)
  2 water moccasins
  A soldier ant (D:10)
  4 orc warriors
  Duvessa (D:4)
  A black bear (D:9)
  A wasp (D:10)
  2 phantoms
  2 sky beasts
  3 ice beasts
  2 ogres
  2 eyes of draining (D:4)
  A necrophage (D:9)
  2 centaurs
  7 crocodiles
  A big kobold (D:10)
  9 giant frogs
  Dowan (D:4)
  6 wights
  2 crimson imps
  A jelly (D:6)
  2 giant frog skeletons
  A gnoll shaman (D:4)
  6 orc priests
  3 hounds
  10 orc wizards
  Jessica (D:2)
  3 iguanas
  3 worker ants
  A hound skeleton (D:10)
  A worker ant zombie (D:8)
  7 adders
  14 gnolls
  28 river rats
  A shadow imp (D:6)
  2 oozes
  An adder zombie (D:5)
  An adder skeleton (D:5)
  A worm (D:3)
  4 giant geckos
  37 orcs
  3 ball pythons
  2 bats
  7 giant cockroaches
  7 goblins
  9 hobgoblins
  6 jackals
  A quokka (D:2)
  A giant gecko skeleton (D:4)
  3 giant newts
  11 kobolds
  A quokka skeleton (D:5)
  5 rats
  A plant (D:10)
283 creatures vanquished.

Vanquished Creatures (others)
  2 elephants (Lair:1)
  A jelly (D:7)
  5 fungi (Lair:1)
  5 plants
13 creatures vanquished.

Grand Total: 305 creatures vanquished

Notes
Turn   | Place    | Note
--------------------------------------------------------------
     0 | D:1      | st0uf the Deep Elf Summoner began the quest for the Orb.
     0 | D:1      | Reached XP level 1. HP: 10/10 MP: 6/6
   258 | D:1      | Reached XP level 2. HP: 12/15 MP: 4/8
   266 | D:1      | Learned a level 2 spell: Call Imp
   619 | D:2      | Reached skill level 5 in Summonings
   623 | D:2      | Noticed Jessica
   638 | D:2      | Killed Jessica
   718 | D:2      | Reached XP level 3. HP: 19/19 MP: 9/9
   787 | D:2      | Found a white marble altar of Elyvilon.
  1532 | D:3      | Reached XP level 4. HP: 17/24 MP: 3/11
  1567 | D:3      | Found a blossoming altar of Fedhas.
  1812 | D:4      | Learned a level 4 spell: Summon Lightning Spire
  1975 | D:4      | Reached skill level 5 in Spellcasting
  1975 | D:4      | Reached XP level 5. HP: 10/28 MP: 8/14
  1989 | D:4      | Reached skill level 6 in Summonings
  2448 | D:4      | Found an opulent altar of Gozag.
  2485 | D:4      | Noticed Duvessa
  2486 | D:4      | Noticed Dowan
  2491 | D:4      | Killed Duvessa
  2499 | D:4      | Killed Dowan
  2648 | D:4      | Reached XP level 6. HP: 32/32 MP: 10/17
  2756 | D:4      | Found a staircase to the Ecumenical Temple.
  2780 | Temple   | Entered the Ecumenical Temple
  2909 | D:4      | Reached skill level 1 in Air Magic
  3012 | D:4      | Found a burning altar of Makhleb.
  3012 | D:4      | Found a shadowy altar of Dithmenos.
  3052 | D:4      | Found a glowing silver altar of Zin.
  3321 | D:4      | Found a bloodstained altar of Trog.
  3527 | D:5      | Entered Level 5 of the Dungeon
  3549 | D:5      | Found a deep blue altar of Sif Muna.
  3652 | D:5      | Reached XP level 7. HP: 36/36 MP: 6/19
  3711 | D:5      | Reached skill level 7 in Spellcasting
  3947 | D:5      | Found Qucoeg's Weapon Shop.
  4449 | D:6      | Found a sacrificial altar of Ru.
  4455 | D:6      | You fall through a shaft for 3 floors!
  4472 | D:9      | Noticed a two-headed ogre
  4480 | D:9      | Killed a two-headed ogre
  4480 | D:9      | Reached skill level 8 in Spellcasting
  4586 | D:9      | Found a glowing golden altar of the Shining One.
  4644 | D:9      | Noticed a hippogriff
  4655 | D:9      | Killed a hippogriff
  4655 | D:9      | Reached XP level 8. HP: 41/41 MP: 15/22
  4657 | D:9      | Found an ancient bone altar of Kikubaaqudgha.
  4680 | D:9      | Found a radiant altar of Vehumet.
  4689 | D:9      | Became a worshipper of Vehumet
  4810 | D:9      | Noticed a two-headed ogre
  4816 | D:9      | Killed a two-headed ogre
  4816 | D:9      | Reached skill level 9 in Spellcasting
  4871 | D:8      | Found Wosmej's Assorted Antiques.
  4887 | D:8      | Bought a scroll labeled YFOICK EHAPNUL for 30 gold pieces
  4887 | D:8      | Bought a scroll labeled MOTE GOEPASA for 30 gold pieces
  5091 | D:8      | Noticed Maurice
  5162 | D:8      | Learned a level 4 spell: Summon Ice Beast
  5162 | D:8      | Killed Maurice
  5174 | D:8      | Found Iruqeas's Magic Scroll Shoppe.
  5181 | D:8      | Bought a scroll of fog for 20 gold pieces
  5181 | D:8      | Bought a scroll of magic mapping for 35 gold pieces
  5181 | D:8      | Bought a scroll of magic mapping for 35 gold pieces
  5181 | D:8      | Bought a scroll of teleportation for 30 gold pieces
  5199 | D:7      | Got a clouded tin amulet
  5201 | D:7      | Identified the amulet "Ituck" {Harm *Drain -Tele rF- rC++ Int+9} (You found it on level 7 of the Dungeon)
  5391 | D:7      | Reached * piety under Vehumet
  5391 | D:7      | Offered knowledge of Flame Tongue by Vehumet.
  5391 | D:7      | Reached skill level 10 in Spellcasting
  5534 | D:6      | Learned a level 3 spell: Spectral Weapon
  5537 | D:6      | Learned a level 2 spell: Shroud of Golubria
  5541 | D:6      | Learned a level 3 spell: Regeneration
  6553 | D:7      | Reached XP level 9. HP: 46/46 MP: 21/25
  6574 | D:7      | Found an oddly glowing altar of Pakellas.
  6594 | D:7      | Found an oddly glowing altar of Pakellas.
  6594 | D:7      | Noticed an orange crystal statue
  6630 | D:7      | Reached skill level 1 in Ice Magic
  6688 | D:7      | Offered knowledge of Shock by Vehumet.
  6693 | D:7      | Learned a level 3 spell: Summon Guardian Golem
  6932 | D:8      | Noticed Grum
  6970 | D:8      | Killed Grum
  7041 | D:8      | Found Esoydaf's Distillery.
  7061 | D:8      | Reached ** piety under Vehumet
  7067 | D:8      | Reached skill level 5 in Air Magic
  7100 | D:8      | Found Ypnop's Distillery.
  7232 | D:8      | Found an iron altar of Okawaru.
  7240 | D:8      | Reached skill level 1 in Fighting
  7945 | D:10     | Entered Level 10 of the Dungeon
  8055 | D:10     | Found a staircase to the Lair.
  8060 | D:10     | Reached skill level 11 in Spellcasting
  8134 | D:10     | Reached skill level 1 in Hexes
  8173 | D:10     | Offered knowledge of Mephitic Cloud by Vehumet.
  8178 | D:10     | Learned a level 3 spell: Mephitic Cloud
  8228 | Lair:1   | Entered Level 1 of the Lair of Beasts
  8355 | Lair:1   | Noticed a spiny frog
  8363 | Lair:1   | Killed a spiny frog
  8381 | Lair:1   | Noticed a spiny frog
  8385 | Lair:1   | Noticed an elephant
  8389 | Lair:1   | Noticed an elephant
  8389 | Lair:1   | Noticed an elephant
  8390 | Lair:1   | Killed a spiny frog
  8390 | Lair:1   | Reached skill level 1 in Poison Magic
  8390 | Lair:1   | Reached XP level 10. HP: 50/52 MP: 5/27
  8393 | Lair:1   | Noticed an elephant
  8393 | Lair:1   | Noticed an elephant
  8397 | Lair:1   | Killed an elephant
  8397 | Lair:1   | Reached *** piety under Vehumet
  8397 | Lair:1   | Reached skill level 10 in Summonings
  8402 | Lair:1   | Noticed a spiny frog
  8419 | Lair:1   | Killed a spiny frog
  8565 | Lair:1   | Learned a level 5 spell: Summon Mana Viper
  8575 | Lair:1   | Noticed a spiny frog
  8608 | Lair:1   | Reached skill level 12 in Spellcasting
  8613 | Lair:1   | Killed a spiny frog
  8621 | Lair:1   | Noticed a spiny frog
  8655 | Lair:1   | HP: 1/52 [spiny frog (12)]
  8656 | Lair:1   | Killed a spiny frog
  8656 | Lair:1   | Reached skill level 1 in Conjurations
  9007 | Lair:1   | Noticed an elephant
  9013 | Lair:1   | Killed an elephant
  9032 | Lair:1   | Killed an elephant
  9053 | Lair:1   | Killed an elephant
  9091 | Lair:1   | Killed an elephant
  9279 | Lair:1   | Killed an elephant
  9328 | Lair:1   | Offered knowledge of Olgreb's Toxic Radiance by Vehumet.
  9652 | Lair:1   | Noticed an oklob plant
  9658 | Lair:1   | Killed an oklob plant
  9659 | Lair:1   | Noticed an oklob plant
  9659 | Lair:1   | Noticed an oklob plant
  9659 | Lair:1   | Noticed an oklob plant
  9907 | Lair:1   | Killed an oklob plant
  9907 | Lair:1   | Reached skill level 1 in Charms
  9927 | Lair:1   | Killed an oklob plant
  9927 | Lair:1   | Reached skill level 13 in Spellcasting
  9929 | Lair:1   | Killed an oklob plant
 10117 | Lair:2   | Noticed a black mamba
 10132 | Lair:2   | Killed a black mamba
 10408 | Lair:2   | Reached XP level 11. HP: 56/56 MP: 18/30
 10411 | Lair:2   | Reached **** piety under Vehumet
 10420 | Lair:2   | Offered knowledge of Iskenderun's Battlesphere by Vehumet.
 10427 | Lair:2   | Learned a level 5 spell: Iskenderun's Battlesphere
 10806 | Lair:3   | Noticed a seven-headed hydra
 10820 | Lair:2   | Slain by a komodo dragon

Vault maps used:
D:1:      lemuel_arrival_muddy
D:2:      lemuel_doored_altar, uniq_jessica
D:3:      fedhas_altar_1, serial_glass, glass_columns_a, glass_columns_a,
          glass_columns_a, glass_columns_b, glass_columns_a, glass_columns_a
D:4:      kennysheep_mini, trog_eyes_of_draining, grunt_gozag_breadcrumbs,
          gammafunk_temple_overflow_wave, minmay_temple_entry_large_hall,
          first_bread, bh_walls_and_bars, uniq_duvessa
D:5:      kennysheep_little_box, serial_shops, shop_statue
D:6:      nicolae_ru_path_of_blood, portal_sewer_entry_a
D:7:      gammafunk_pakellas_statue_experiment, basic_altar
D:8:      okawaru_humans, serial_shops, nicolae_shop_stone, shop,
          nicolae_shop_overgrown_old_shop, shop, hex_tiny, uniq_maurice,
          uniq_grum
D:9:      kiku_gazebo_pond_becter, nicolae_overflow_crystal_walls,
          tso_metal_star, grunt_ogre_cave
D:10:     erik_lair_orcish_takeover, serial_shops, shop
Temple:   pf_slimified_temple
Lair:1:   dpeg_oklob_gauntlet, grunt_megastairs_3
Lair:3:   guppyfry_snake_entry_garden, serial_bayou_shore_b

Action                   |  1- 3 |  4- 6 |  7- 9 | 10-12 || total
-------------------------+-------+-------+-------+-------++-------
Melee: Unarmed           |       |     4 |       |       ||     4
       Dagger            |       |     6 |       |       ||     6
       Staff             |       |       |    14 |     8 ||    22
       Short sword       |       |       |    10 |     3 ||    13
 Cast: Summon Small Mamm |    26 |    14 |     3 |       ||    43
       Call Imp          |    17 |    12 |    15 |       ||    44
       Summon Lightning  |       |    18 |    62 |    35 ||   115
       Summon Ice Beast  |       |       |    25 |    15 ||    40
       Shroud of Golubri |       |       |     2 |     2 ||     4
       Spectral Weapon   |       |       |     2 |       ||     2
       Mephitic Cloud    |       |       |     8 |    19 ||    27
       Summon Guardian G |       |       |     6 |     8 ||    14
       Regeneration      |       |       |       |     1 ||     1
       Summon Mana Viper |       |       |       |     1 ||     1
Evoke: Wand              |       |       |       |     2 ||     2
  Use: Scroll            |       |       |     2 |     8 ||    10
       Potion            |       |       |       |     1 ||     1
 Stab: Distracted        |       |       |     1 |     1 ||     2
       Confused          |       |       |     1 |     1 ||     2
  Eat: Chunk             |     2 |     9 |    17 |     6 ||    34
